 Dungeon Crawl Stone Soup version 0.29-a0-821-g66395355a5 (webtiles) character file.

Game seed: 13614227406278390933

2489 kevlar127 the Grappler (level 9, 0/93 HPs)
             Began as a Troll Berserker on July 7, 2022.
             Was a Priest of Trog.
             Slain by a gnoll sergeant
             ... wielding a +0 spear
              (4 damage)
             ... on level 6 of the Dungeon.
             The game lasted 00:12:13 (5842 turns).

kevlar127 the Grappler (Troll Berserker)            Turns: 5842, Time: 00:12:13

Health: 0/93       AC:  4    Str: 31    XL:     9   Next: 27%
Magic:  8/8        EV: 10    Int:  3    God:    Trog [***...]
Gold:   254        SH:  0    Dex:  9    Spells: 8/8 levels left

rFire   . . .      SeeInvis .     - Unarmed
rCold   + . .      Faith    .   (no shield)
rNeg    . . .      Spirit   .   a - +0 animal skin
rPois   .          Reflect  .   (helmet restricted)
rElec   .          Harm     .   (no cloak)
rCorr   .          Rampage  .   (gloves unavailable)
Will    ++...                   (boots unavailable)
Stlth   +.........              (no amulet)
HPRegen 2.05/turn               k - ring of protection from cold
MPRegen 0.11/turn               (no ring)

@: lethally poisoned (0 -> -4), strong-willed, regenerating
A: large, unfitting armour, claws 3, regeneration 1, shaggy fur 1, tough skin 1
a: Renounce Religion, Berserk, Trog's Hand


You were on level 6 of the Dungeon.
You worshipped Trog.
Trog was most pleased with you.
You visited 1 branch of the dungeon, and saw 6 of its levels.
You also visited: Ossuary.

You collected 254 gold pieces.

Inventory:

Missiles
 n - 50 stones (quivered)
 o - 6 poisoned darts
 p - 3 silver boomerangs
 u - 6 boomerangs
Armour
 a - a +0 animal skin (worn)
Jewellery
 k - a ring of protection from cold (left claw)
 y - a ring of poison resistance
Wands
 m - a wand of acid (8)
 w - a wand of iceblast (3)
Scrolls
 b - 3 scrolls of teleportation {unknown}
 d - 3 scrolls of amnesia {unknown}
 f - a scroll of noise {unknown}
 h - a scroll of immolation {unknown}
 i - a scroll of blinking {unknown}
 l - 4 scrolls of identify {unknown}
 q - 2 scrolls of fear {unknown}
 A - a scroll of summoning {unknown}
 B - a scroll of enchant weapon {unknown}
Potions
 c - 7 potions of curing {unknown}
 e - 6 potions of heal wounds {unknown}
 g - a potion of flight {unknown}
 j - 2 potions of mutation {unknown}
 r - a potion of magic {unknown}
 s - 3 potions of brilliance {unknown}
 t - 2 potions of lignification {unknown}
 v - a potion of ambrosia {unknown}
 x - a potion of might {unknown}
 z - a potion of degeneration {unknown}


   Skills:
 + Level 7.2 Fighting
 - Level 4.0 Throwing
 + Level 1.8 Armour
 - Level 2.4 Dodging
 + Level 8.6 Unarmed Combat


You had 8 spell levels left.
You didn't know any spells.
Your spell library was empty.

Dungeon Overview and Level Annotations

Branches:
Dungeon (6/15)             Temple (0/1) D:5         Ossuary (visited)

Altars:
Dithmenos
Nemelex Xobeh
Okawaru
Ru

Annotations:
D:3 3 runed translucent doors, zhov's ghost, amateur FoHu


Innate Abilities, Weirdness & Mutations

You are too large for most types of armour.
You have claws for hands.
Your natural rate of healing is unusually fast.
You are covered in fur. (AC +1)
You have tough skin. (AC +1)


Message History

You completely miss the necrophage. You claw the necrophage.
You destroy the necrophage!
Trog accepts your kill. The orc hits you with a +0 flail.
The gnoll sergeant hits you from afar with a +0 spear.
The gnoll hits you from afar with a +0 spear.
Your life force feels restored.
Your skin crawls.
You feel strong-willed. The gnoll closely misses you.
The orc hits you with a +0 flail.
The gnoll sergeant completely misses you.
Unknown command.
You mangle the orc!!
You kill the orc!
Trog accepts your kill. The gnoll hits you with a +0 spear.
The gnoll hits you from afar with a +0 spear of venom.
You are poisoned.
The gnoll sergeant hits you with a +0 spear!
Things that are here:
a +0 flail; 3 boomerangs The gnoll sergeant attacks as you move away!
The gnoll sergeant hits you with a +0 spear.
You feel sick.
The gnoll hits you from afar with a +0 spear of venom!
* * * LOW HITPOINT WARNING * * *
The gnoll hits you with a +0 spear.
* * * LOW HITPOINT WARNING * * *
The gnoll sergeant hits you from afar with a +0 spear!
* * * LOW HITPOINT WARNING * * *
You see here a necrophage corpse.
You claw the gnoll!
You kill the gnoll!
Trog accepts your kill.
You feel sick.
The gnoll hits you from afar with a +0 spear of venom.
* * * LOW HITPOINT WARNING * * *
You are lethally poisoned!
The gnoll sergeant hits you from afar with a +0 spear.
You die...

##...........#..<.
#..........#......
#..........#.#....
#..........#......
#####..........####...
#..............# ##..
##.##.#g.......## #..
#.....))g.....## #..
#.....@...##### #..
#..#......# ##.
#..#..##..# ########
#...... .## #.......
#.###.# ## #....... #
..# ####....... .##
........... #.
...........
..##.......


You could see a gnoll sergeant and a gnoll.

Vanquished Creatures
  Grinder (D:3)
  A wyvern (D:5)
  A black bear (D:6)
  3 ogres
  5 elf zombies (Ossuary)
  2 bullfrogs
  4 scorpions
  2 necrophages (D:6)
  A killer bee (D:5)
  A howler monkey (D:6)
  5 centaur zombies (Ossuary)
  A quasit (D:5)
  2 human zombies (Ossuary)
  2 orc priests (D:4)
  A gnoll bouda (D:5)
  3 hounds (D:6)
  3 jellies
  2 orc wizards (D:3)
  An iguana (D:5)
  Ijyb (D:3)
  3 mummies (Ossuary)
  7 gnolls
  3 adders
  5 shadow imps (D:5)
  2 white imps (D:5)
  2 ufetubi (D:5)
  2 worms
  32 orcs
  A ball python (D:3)
  4 bats
  6 endoplasms
  3 giant cockroaches
  3 goblins
  5 hobgoblins
  4 quokkas
  5 frilled lizards
  2 kobolds
  2 rats
133 creatures vanquished.

Vanquished Creatures (others)
  4 demonic plants (D:5)
4 creatures vanquished.

Grand Total: 137 creatures vanquished

Notes
Turn   | Place    | Note
-------+----------+-------------------------------------------
     0 | D:1      | kevlar127 the Troll Berserker began the quest for the Orb.
     0 | D:1      | Reached XP level 1. HP: 22/22 MP: 0/0
   308 | D:1      | Reached XP level 2. HP: 29/29 MP: 1/1
   509 | D:1      | Found a faded altar of an unknown god.
  1119 | D:2      | You fall into a shaft and drop 1 floor!
  1160 | D:3      | Found a runed translucent gate.
  1164 | D:3      | Reached XP level 3. HP: 7/37 MP: 2/2
  1199 | D:3      | Found a runed translucent gate.
  1199 | D:3      | Found a runed translucent gate.
  1237 | D:3      | Noticed Grinder
  1250 | D:3      | Paralysed by Grinder for 3 turns
  1267 | D:3      | Killed Grinder
  1268 | D:3      | Reached skill level 5 in Unarmed Combat
  1268 | D:3      | Reached XP level 4. HP: 20/48 MP: 3/3
  1268 | D:3      | Reached XP level 5. HP: 23/54 MP: 4/4
  1312 | D:3      | Reached ** piety under Trog
  1636 | D:3      | Noticed Ijyb
  1641 | D:3      | Killed Ijyb
  1642 | D:3      | Reached XP level 6. HP: 62/63 MP: 5/5
  1959 | D:3      | Noticed zhov's ghost (amateur FoHu)
  2622 | D:4      | Found the +7 staff of the Meek {protect, meekguard}
  2742 | D:4      | Found a shadowy altar of Dithmenos.
  2915 | D:4      | Reached skill level 6 in Unarmed Combat
  2924 | D:4      | Reached XP level 7. HP: 55/71 MP: 6/6
  2928 | D:4      | Reached skill level 5 in Fighting
  3052 | D:4      | Found an iron altar of Okawaru.
  3086 | D:4      | Found a sacrificial altar of Ru.
  3770 | D:5      | Entered Level 5 of the Dungeon
  3922 | D:5      | Reached skill level 1 in Throwing
  3925 | D:5      | Reached *** piety under Trog
  4042 | D:5      | Noticed a wyvern
  4049 | D:5      | Killed a wyvern
  4232 | D:5      | Reached XP level 8. HP: 67/81 MP: 7/7
  4468 | D:5      | Reached skill level 7 in Unarmed Combat
  4550 | D:5      | Found a staircase to the Ecumenical Temple.
  4779 | D:5      | Found a sparkling altar of Nemelex Xobeh.
  5361 | D:6      | Reached skill level 8 in Unarmed Combat
  5437 | D:6      | Found a sand-covered staircase.
  5448 | Ossuary  | Entered an ossuary
  5507 | Ossuary  | Reached XP level 9. HP: 63/92 MP: 8/8
  5566 | Ossuary  | Reached skill level 1 in Armour
  5842 | D:6      | HP: 4/93 [gnoll/+0 spear of venom[a gnoll sergeant] (3)]
  5842 | D:6      | Slain by a gnoll sergeant

Illustrated notes

Levels and vault maps discovered:
D:1:      giann_forest_graveyard, layout_basic,
          hellmonk_ecumenical_altar_heavens_door, minmay_lizard_pond
D:2:      layout_basic, minivault_26
D:3:      layout_rooms, gammafunk_ghost_icy, uniq_ijyb, uniq_grinder
D:4:      layout_basic, nicolae_overflow_crystal_walls,
          lemuel_coloured_pillars_altar, old_standard_altar,
          pf_guarded_unrand_meek
D:5:      layout_loops_corners, kennysheep_mini, minmay_temple_entry_fiery,
          serial_demonic, serial_demonic_e, serial_demonic_a, serial_demonic_g,
          serial_demonic_g, serial_demonic_g
D:6:      layout_rooms, nicolae_elyvilon_peaceful_grove, lemuel_tele_altar,
          nicolae_ossuary_entry_ruins, nzn_random_ring

Skill      XL: |  1  2  3  4  5  6  7  8  9 |
---------------+----------------------------+-----
Fighting       | 3 4 5 6 7 |  7.2
Unarmed Combat | 5 6 8 |  8.6
Throwing       | 2 4 |  4.0
Armour         | 1 |  1.8
Dodging        | |  2.4

Action                   |  1- 3 |  4- 6 |  7- 9 || total
-------------------------+-------+-------+-------++-------
Melee: Unarmed           |    63 |    87 |   226 ||   376
       Punch             |     1 |     4 |     7 ||    12
Invok: Berserk           |     1 |       |     3 ||     4
       Trog's Hand       |       |       |     3 ||     3
 Stab: Sleeping          |       |     1 |       ||     1
Armor: Animal skin       |    16 |    24 |    85 ||   125
Dodge: Dodged            |    22 |    37 |   166 ||   225

Table legend: (Time is in decaauts)
 A = Elapsed time spent in this place.
 B = Non-inter-level travel time spent in this place.
 C = Inter-level travel time spent in this place.
 D = Time resting spent in this place.
 E = Time spent auto-exploring this place.
 F = Levels seen in this place.
 G = Mean time per level.
                   A        B        C        D        E       F      G
               +--------+--------+--------+--------+--------+-----+--------+
         Total |   5828 |   5229 |    599 |    839 |   3567 |   7 |  832.6 |
       Dungeon |   5455 |   4856 |    599 |    687 |   3434 |   6 |  909.2 |
       Ossuary |    372 |    372 |      0 |    152 |    133 |   1 |  372.0 |
               +--------+--------+--------+--------+--------+-----+--------+

Top non-repeatable levels by time:
     D:5: 1486 daAuts
     D:4: 1113 daAuts
     D:3: 1076 daAuts
     D:1: 929 daAuts
     D:2: 652 daAuts
 Ossuary: 372 daAuts
     D:6: 197 daAuts
